Map: Tropical Sacrifice

Players

Aura - Winner!

  • Race: Protoss Protoss
  • League: Silver
  • Spawn Location: 7:00

Traveler

  • Race: Zerg Zerg
  • League: Bronze
  • Spawn Location: 1:00

VOD

Have the link to the VOD?

Description

Zerg player is really bad
Protoss Master Race

Time

  • Played on: Sept. 16, 2022, 10:56 a.m.
  • Length: 27:29
Show
View Real Time Build Order
Export as new Build Order

Aura Protoss - Winner!

Build Orders: Chargelot Immortal 

Get SALT Encoding   

  12  0:01  Probe  
  13  0:13  Probe  
  14  0:21  Pylon  
  14  0:30  Probe  
  15  0:40  Gateway  
  15  0:42  Probe (Chrono Boost)  
  16  0:50  Assimilator  
  16  0:54  Probe (Chrono Boost)  
  17  1:00  Probe (Chrono Boost)  
  17  1:03  Pylon  
  18  1:10  Probe  
  19  1:24  Probe  
  20  1:33  Pylon  
  20  1:41  Cybernetics Core  
  20  1:44  Gateway  
  20  1:52  Pylon  
  20  1:53  Probe  
  21  2:04  Zealot (Chrono Boost)  
  23  2:15  Warp Gate (Chrono Boost)  
  23  2:24  Stalker (Chrono Boost)  
  23  2:27  Shield Battery  
  25  2:37  Probe  
  25  2:42  Nexus  
  26  2:49  Assimilator  
  26  2:50  Probe  
  27  2:56  Shield Battery  
  27  3:09  Probe  
  28  3:24  Robotics Facility  
  28  3:27  Probe  
  29  3:35  Pylon  
  29  3:39  Probe  
  29  3:40  Pylon  
  30  3:47  Robotics Facility  
  30  3:57  Probe (Chrono Boost)  
  30  3:58  Probe (Chrono Boost)  
  32  4:05  Twilight Council  
  32  4:07  Probe (Chrono Boost), Assimilator  
  32  4:08  Probe (Chrono Boost)  
  34  4:12  Probe x2 (Chrono Boost), Assimilator  
  36  4:23  Probe  
  36  4:24  Probe  
  38  4:35  Probe, Observer (Chrono Boost)  
  38  4:36  Probe  
  41  4:43  Blink (Chrono Boost)  
  41  4:48  Probe x2, Observer (Chrono Boost)  
  44  4:54  Pylon  
  44  5:00  Probe x2  
  44  5:12  Probe x2, Stalker x2  
  46  5:37  Stalker x2  
  46  5:40  Immortal (Chrono Boost)  
  54  5:46  Shield Battery x2  
  54  5:47  Shield Battery  
  52  6:03  Stalker x2  
  51  6:11  Gateway  
  51  6:14  Gateway, Immortal (Chrono Boost)  
  48  6:35  Charge (Chrono Boost)  
  46  6:43  Stalker x2  
  50  6:48  Immortal  
  54  6:58  Shield Battery  
  54  6:59  Shield Battery  
  54  7:00  Shield Battery  
  50  7:27  Immortal (Chrono Boost)  
  45  7:32  Stalker x4  
  47  7:53  Probe (Chrono Boost)  
  47  7:58  Probe (Chrono Boost)  
  49  7:59  Immortal (Chrono Boost)  
  49  8:00  Zealot x4  
  49  8:03  Probe (Chrono Boost)  
  63  8:07  Probe (Chrono Boost)  
  63  8:08  Probe (Chrono Boost)  
  64  8:17  Probe  
  64  8:19  Probe  
  66  8:29  Probe  
  66  8:30  Observer (Chrono Boost)  
  66  8:31  Probe  
  69  8:38  Stalker x3  
  69  8:39  Stalker  
  77  8:41  Probe  
  78  9:02  Pylon  
  78  9:05  Probe x2  
  78  9:08  Pylon  
  78  9:20  Probe  
  83  9:34  Nexus  
  79  9:41  Zealot x4  
  73  10:03  Pylon  
  73  10:11  Pylon, Stalker x4  
  73  10:12  Probe x2  
  83  10:17  Pylon  
  83  10:24  Probe x2  
  85  10:36  Probe x2  
  85  10:37  Gateway  
  85  10:38  Gateway  
  85  10:41  Forge  
  87  10:48  Probe x2  
  88  10:50  Zealot x3  
  94  11:00  Probe x2  
  90  11:30  Zealot x4  
  96  11:56  Photon Cannon  
  96  11:59  Photon Cannon  
  96  12:01  Protoss Ground Weapons Level 1 (Chrono Boost)  
  96  12:04  Photon Cannon  
  96  12:06  Photon Cannon  
  96  12:08  Shield Battery  
  96  12:12  Shield Battery  
  96  12:18  Pylon  
  96  12:21  Pylon  
  96  12:24  Pylon  
  78  13:13  Nexus  
  78  13:23  Nexus  
  74  14:02  Protoss Ground Armor Level 1  
  74  14:05  Nexus  
  74  14:16  Pylon  
  71  14:38  Cybernetics Core  
  71  14:44  Zealot  
  73  14:47  Zealot x3  
  79  14:53  Gateway  
  79  14:54  Gateway  
  79  14:56  Gateway  
  79  14:57  Gateway  
  79  15:01  Gateway  
  79  15:04  Gateway  
  79  15:06  Gateway  
  74  15:44  Probe  
  75  15:58  Zealot x3  
  75  15:59  Zealot x4  
  75  16:00  Zealot x2  
  93  16:22  Robotics Facility x2  
  93  16:24  Protoss Ground Weapons Level 2 (Chrono Boost)  
  93  16:25  Robotics Facility  
  80  16:42  Zealot x4  
  80  16:43  Zealot x3  
  80  16:45  Nexus  
  94  17:05  Pylon  
  94  17:08  Pylon  
  94  17:12  Pylon x2  
  94  17:15  Pylon  
  94  17:19  Pylon  
  60  17:45  Zealot x7  
  60  17:46  Zealot  
  60  17:47  Zealot  
  78  18:03  Zealot x2  
  82  18:12  Shield Battery  
  83  18:13  Probe (Chrono Boost)  
  83  18:15  Photon Cannon  
  83  18:17  Probe (Chrono Boost)  
  80  18:24  Probe (Chrono Boost)  
  82  18:27  Probe (Chrono Boost)  
  82  18:40  Observer  
  82  18:41  Observer x2  
  85  18:46  Robotics Bay  
  85  18:49  Probe (Chrono Boost)  
  85  18:50  Probe (Chrono Boost), Protoss Ground Armor Level 2 (Chrono Boost)  
  87  18:59  Probe x2 (Chrono Boost)  
  87  19:02  Observer  
  90  19:04  Probe x2 (Chrono Boost)  
  90  19:06  Probe  
  93  19:12  Photon Cannon  
  93  19:14  Photon Cannon  
  93  19:15  Probe x2, Zealot x2  
  93  19:16  Zealot x2  
  103  19:18  Pylon  
  103  19:27  Probe  
  103  19:28  Probe  
  103  19:31  Shield Battery  
  101  19:33  Colossus x2 (Chrono Boost)  
  99  19:46  Zealot x5  
  99  19:54  Colossus (Chrono Boost)  
  105  20:24  Zealot  
  105  20:25  Zealot x5  
  105  20:26  Zealot x5  
  105  20:27  Colossus (Chrono Boost)  
  127  20:28  Extended Thermal Lance (Chrono Boost)  
  133  20:38  Colossus (Chrono Boost)  
  139  20:44  Colossus (Chrono Boost)  
  141  21:21  Protoss Ground Weapons Level 3 (Chrono Boost)  
  141  21:48  Assimilator  
  141  21:51  Assimilator  
  141  21:53  Photon Cannon  
  141  21:57  Photon Cannon  
  141  22:00  Shield Battery  
  141  22:01  Zealot x5  
  143  22:02  Zealot x4  
  143  22:06  Pylon  
  159  22:09  Pylon  
  159  22:14  Pylon  
  159  22:37  Pylon  
  159  22:39  Pylon  
  159  22:43  Pylon  
  139  23:51  Immortal (Chrono Boost)  
  155  23:58  Immortal (Chrono Boost)  
  155  24:02  Protoss Ground Armor Level 3  
  151  24:03  Immortal (Chrono Boost)  
  151  24:10  Zealot x6  
  151  24:12  Zealot x3  
  151  24:13  Zealot x2  
  173  24:20  Immortal (Chrono Boost)  
  177  24:24  Immortal (Chrono Boost)  
  177  24:27  Immortal (Chrono Boost)  
  161  24:56  Immortal x2 (Chrono Boost)  
  169  25:02  Immortal (Chrono Boost)  
  169  25:04  Zealot x3  
  169  25:05  Zealot x3  
  185  25:19  Nexus  
  185  25:28  Immortal x2  
  193  25:47  Stargate  
  193  25:49  Stargate  
  193  25:53  Stargate  
  193  26:03  Gravitic Drive (Chrono Boost)  
  193  26:16  Photon Cannon  
  193  26:18  Photon Cannon  
  193  26:20  Shield Battery  
  155  27:24  Fleet Beacon  
  155  27:25  Zealot x5  
  155  27:26  Zealot x6  
Show
View Real Time Build Order
Export as new Build Order

Traveler Zerg 

Build Orders: Pool First, Swarm Host 

Get SALT Encoding   

  12  0:00  Drone  
  13  0:13  Overlord  
  13  0:18  Drone  
  14  0:25  Extractor  
  14  0:26  Drone  
  14  0:31  Drone  
  16  0:35  Drone  
  16  0:50  Drone  
  16  0:54  Spawning Pool  
  16  1:25  Drone x3  
  19  1:47  Queen  
  19  1:51  Drone  
  22  1:54  Hatchery  
  22  1:55  Overlord  
  22  1:59  Zergling x2  
  22  2:25  Drone  
  22  2:26  Drone  
  22  2:29  Lair  
  24  2:40  Hatchery  
  23  2:52  Drone  
  24  3:02  Drone x4  
  24  3:03  Drone  
  29  3:09  Extractor  
  29  3:11  Drone  
  29  3:25  Queen  
  31  3:27  Overlord  
  31  3:35  Spine Crawler  
  31  3:38  Infestation Pit  
  29  3:57  Drone x2  
  29  3:58  Drone  
  29  4:00  Drone  
  33  4:15  Swarm Host  
  33  4:16  Swarm Host x2  
  42  4:22  Spore Crawler, Queen  
  43  4:35  Swarm Host  
  46  4:39  Drone x2, Overlord  
  46  4:40  Drone  
  46  4:42  Overlord  
  49  4:46  Drone  
  49  6:09  Swarm Host x3  
  49  6:10  Drone x2, Zergling x2  
  61  6:16  Spine Crawler  
  60  6:21  Overlord  
  60  6:22  Drone x4  
  60  6:23  Drone  
  60  6:24  Overseer  
  65  7:00  Swarm Host  
  68  7:01  Swarm Host x2  
  68  7:04  Overlord x4  
  63  7:56  Zergling x2  
  63  7:57  Zergling x16  
  63  7:58  Metabolic Boost  
  72  8:00  Swarm Host x3  
  81  8:06  Spine Crawler  
  81  8:08  Spine Crawler x2  
  81  8:10  Spine Crawler  
  81  8:11  Nydus Network  
  76  8:28  Overlord  
  76  8:31  Swarm Host x3  
  76  8:33  Zergling x4  
  76  8:34  Zergling x4  
  89  8:36  Queen  
  91  8:49  Nydus Canal  
  91  8:53  Overlord  
  91  8:54  Overlord  
  89  9:47  Overlord  
  89  10:07  Overlord  
  89  10:18  Zergling x10  
  94  10:31  Nydus Canal  
  94  10:50  Nydus Canal  
  88  11:36  Overlord  
  88  11:49  Nydus Canal  
  88  11:56  Drone x6  
  88  11:57  Drone x4  
  88  11:58  Drone x2  
  88  12:01  Extractor  
  99  12:02  Extractor  
  99  12:07  Nydus Canal  
  94  12:42  Overlord  
  94  12:46  Nydus Canal  
  94  12:48  Drone x3  
  94  12:49  Drone  
  98  13:02  Swarm Host x2  
  98  13:03  Infestor, Zergling x2  
  98  13:04  Zergling x4, Hatchery  
  108  13:06  Hatchery  
  107  13:16  Hatchery  
  106  13:22  Zergling x2  
  106  13:23  Zergling x10  
  111  13:52  Zergling x10  
  115  14:24  Overlord  
  115  14:25  Zergling x2  
  115  14:26  Zergling x2  
  115  14:27  Zergling x2  
  115  14:28  Zergling x2  
  119  14:35  Queen  
  119  14:36  Overlord  
  121  15:40  Swarm Host x2  
  121  15:41  Zergling x2  
  121  15:42  Zergling x6  
  124  15:50  Nydus Canal  
  123  16:05  Hatchery  
  123  16:09  Nydus Canal  
  123  16:10  Hatchery  
  120  16:23  Hatchery  
  119  16:37  Overlord x2  
  119  16:55  Evolution Chamber  
  119  16:57  Drone  
  119  16:58  Drone x5  
  123  17:12  Nydus Canal  
  105  17:46  Extractor  
  105  17:48  Extractor  
  103  17:52  Spine Crawler x2  
  103  17:53  Spine Crawler  
  103  17:54  Spine Crawler x2  
  98  18:03  Hive  
  98  18:05  Zergling x4  
  99  18:06  Zergling x12  
  99  18:07  Drone x6  
  99  18:08  Drone x5  
  117  18:46  Overlord  
  117  18:56  Nydus Canal  
  117  18:57  Spine Crawler  
  117  18:58  Spine Crawler x3  
  117  19:00  Spine Crawler  
  91  19:58  Zergling x14  
  91  19:59  Zergling x24  
  106  20:00  Zergling x14  
  106  20:03  Queen  
  112  20:09  Zerg Missile Weapons Level 1  
  106  20:14  Drone x4  
  106  20:15  Drone x5  
  106  20:16  Queen x3  
  106  20:17  Queen  
  123  20:39  Adrenal Glands  
  123  20:48  Evolution Chamber, Extractor  
  123  20:49  Extractor  
  120  20:50  Spore Crawler  
  120  20:52  Spore Crawler  
  102  21:30  Ultralisk Cavern  
  101  21:39  Viper  
  97  21:41  Zerg Ground Armor Level 1  
  100  22:03  Zerg Melee Weapons Level 1  
  100  22:07  Hatchery  
  99  22:11  Drone  
  99  22:14  Drone x4, Hatchery  
  97  22:34  Ultralisk x2, Hatchery  
  97  22:35  Ultralisk x6  
  97  22:36  Ultralisk, Infestor  
  152  22:56  Anabolic Synthesis  
  152  23:01  Spine Crawler  
  152  23:02  Drone x4  
  152  23:03  Drone x2  
  157  23:08  Spine Crawler  
  157  23:10  Spine Crawler  
  157  23:11  Spine Crawler x2  
  153  23:14  Spine Crawler  
  153  23:15  Ultralisk x3  
  153  23:16  Ultralisk x2  
  168  23:51  Overlord  
  168  23:54  Zerg Ground Armor Level 2  
  168  23:59  Zergling x2  
  168  24:00  Zergling x10  
  168  24:02  Drone x2, Overlord  
  176  24:12  Hydralisk Den  
  176  24:14  Nydus Canal  
  169  24:38  Nydus Canal  
  136  24:57  Overlord  
  136  24:59  Ultralisk x2  
  160  25:00  Ultralisk x5  
  160  25:04  Overlord  
  178  25:13  Overlord  
  178  25:18  Overseer x2  
  178  25:19  Pneumatized Carapace  
  178  25:22  Drone x5  
  178  25:23  Drone  
  184  25:52  Hatchery  
Tags
 
Add a new tag
Caveats
  • Supply blocks, unpowered buildings, or Contaminate may cause inaccurate times.
  • Supply counts are checked every 10 seconds.